 Dungeon Crawl Stone Soup version 0.20.0-8-g6b59dc7 (webtiles) character file.

379 Hasart the Cudgeler (level 6, -3/43 HPs)
             Began as an Octopode Fighter on June 2, 2017.
             Slain by a centaur (5 damage)
             ... on level 5 of the Dungeon.
             The game lasted 00:06:21 (3879 turns).

Hasart the Cudgeler (Octopode Fighter)              Turns: 3879, Time: 00:06:21

Health: -3/43      AC:  1    Str: 16 (18) XL:     6   Next: 74%
Magic:  6/6        EV: 12    Int:  9 (10) God:
Gold:   181        SH:  9    Dex: 11      Spells: 5/5 levels left

rFire    . . .     SeeInvis .   a - +0 flail
rCold    . . .     Gourm    .   b - +0 shield
rNeg     . . .     Faith    .   (helmet restricted)
rPois    .         Spirit   .   (no amulet)
rElec    .         Reflect  .   (no ring)
rCorr    .         Harm     .   v - ring of flight
MR       .....     Clarity  +   (no ring)
Stlth    +++.......             (no ring)
Regen    0.2/turn               (no ring)
MPRegen  0.1/turn               (no ring)
                                (no ring)
                                (no ring)

@: no status effects
A: almost no armour, stealthy swim, amphibious, 8 rings, constrict 8, camouflage
1, clarity, deterioration 1, gelatinous body 1, MP-powered wands
a: Evoke Flight


You were on level 5 of the Dungeon.
You were very hungry.

You visited 1 branch of the dungeon, and saw 5 of its levels.

You collected 181 gold pieces.

Inventory:

Hand Weapons
 a - a +0 flail (weapon)
Armour
 b - a +0 shield (worn)
Jewellery
 v - a ring of flight (right tentacle)
Scrolls
 f - a scroll of teleportation
 h - a scroll of recharging
 k - a scroll of remove curse
 o - a scroll of enchant weapon {unknown}
 p - 2 scrolls of identify
 t - a scroll of noise {unknown}
 u - a scroll of fear {unknown}
Potions
 c - 3 potions of might
 e - a potion of ambrosia {unknown}
 g - a potion of curing
 i - a potion of berserk rage
 m - a potion of haste
 s - 3 potions of brilliance
Comestibles
 d - 3 bread rations
 j - 2 meat rations
 l - a royal jelly
 n - a fruit


   Skills:
 + Level 4.0 Fighting
 * Level 4.5 Maces & Flails
 + Level 3.7 Dodging
 + Level 3.0 Stealth
 + Level 4.2 Shields


You had 5 spell levels left.
You didn't know any spells.

Dungeon Overview and Level Annotations

Branches:
Dungeon (5/15)
 Temple: D:4-7

Altars:

Shops:
D:4 *


Innate Abilities, Weirdness & Mutations

You cannot wear most types of armour.
You are very stealthy in the water. (Stealth+)
You are amphibious.
You can wear up to eight rings at the same time.
You can use your tentacles to constrict eight enemies at once.
Your skin changes colour to match your surroundings (Stealth+).
Your rubbery body absorbs attacks. (AC +1, EV +1)
You possess an exceptional clarity of mind.
Your body sometimes deteriorates upon taking damage.
You expend magic power (3 MP) to strengthen your wands.


Message History

The centaur is almost dead.
You block the centaur's attack. The centaur barely misses you.
You completely miss the centaur.
The centaur is almost dead.
You block the centaur's attack.
You hit the centaur but do no damage.
The centaur is almost dead.
The centaur hits you!
* * * LOW HITPOINT WARNING * * *
Your body deteriorates!
You feel dopey. You block the centaur's attack.
Your shield prevents you from hitting the centaur.
You squeeze the centaur, but do no damage.
The centaur is almost dead.
The centaur misses you. The centaur hits you.
* * * LOW HITPOINT WARNING * * *
You barely miss the centaur.
The centaur is almost dead.
The centaur hits you.
You die...

....# ...## ....# ....##
#....### ##......##
##..c......
###..@....... #####
###............
....######....(.........
......##.......#########
#...........(###
###.........## ####
##........#####..##
#.........)......#
##...........(...##


You could see a centaur.

Vanquished Creatures
  A howler monkey (D:4)
  2 hounds
  An orc wizard (D:4)
  A centaur skeleton (D:4)
  A hound skeleton (D:5)
  5 adders
  7 river rats (D:4)
  3 adder skeletons
  3 worms
  A dart slug (D:1)
  4 leopard geckos
  6 orcs (D:4)
  A giant cockroach (D:4)
  9 goblins
  3 hobgoblins
  7 jackals
  4 quokkas
  5 bats
  6 frilled lizards
  6 kobolds
  18 rats
94 creatures vanquished.

Notes
Turn   | Place    | Note
-------+----------+-------------------------------------------
     0 | D:1      | Hasart the Octopode Fighter began the quest for the Orb.
     0 | D:1      | Reached XP level 1. HP: 16/16 MP: 1/1
   217 | D:1      | Reached XP level 2. HP: 15/21 MP: 2/2
   879 | D:2      | Reached XP level 3. HP: 23/26 MP: 3/3
  1408 | D:2      | Reached XP level 4. HP: 31/31 MP: 4/4
  1946 | D:3      | Reached skill level 1 in Stealth
  2749 | D:4      | Reached XP level 5. HP: 28/36 MP: 5/5
  2986 | D:4      | Found Kyonabel's General Store.
  2995 | D:4      | Reached XP level 6. HP: 28/43 MP: 6/6
  3623 | D:5      | Entered Level 5 of the Dungeon
  3659 | D:5      | Gained mutation: Your body sometimes deteriorates upon taking damage. [potion of mutation]
  3659 | D:5      | Gained mutation: You expend magic power (3 MP) to strengthen your wands. [potion of mutation]
  3659 | D:5      | Gained mutation: You possess an exceptional clarity of mind. [potion of mutation]
  3878 | D:5      | HP: 2/43 [centaur (1)]
  3879 | D:5      | Slain by a centaur

Skill      XL: |  1  2  3  4  5  6 |
---------------+-------------------+-----
Stealth        | 1 2 3 |  3.0
Maces & Flails | 3 4 |  4.5
Shields        | 4 |  4.2
Fighting       | 4 |  4.0
Dodging        | |  3.7

Action                   |  1- 3 |  4- 6 || total
-------------------------+-------+-------++-------
Melee: Flail             |    57 |   132 ||   189
       Constrict         |    21 |    34 ||    55
       Tentacles         |    14 |    27 ||    41
  Use: Potion            |       |     5 ||     5
       Scroll            |       |     4 ||     4
 Stab: Sleeping          |     4 |     5 ||     9
       Distracted        |       |     1 ||     1
  Eat: Chunk             |     1 |     7 ||     8
Armor: Skin              |     3 |     9 ||    12
Dodge: Dodged            |    21 |    46 ||    67
Block: Shield            |    18 |    50 ||    68
